AoeStats
← VIT Liereyy

Arabian Desert

509083351Analyzed
1v1 RM · 7d ago on Sep 25, 2026· 33m 54s· 2 players
Game mode
Random Map
Map size
Tiny (2 player)
Population
200
Speed
Normal
Resources
Standard
Victory
Conquest
Starting age
Dark Age
Ending age
Imperial Age
RankedLock teamsTeams togetherTeam positionsShared explorationLock speedFull tech treeHidden civsTurbo modeCheats
Victory
Defeat
🇦🇹 Franks · Austria
2913
+19
🇳🇴 Khitans · Norway
2980
-19
VIT Liereyy
6:29 Loom
8:47 Feudal Age
9:18 Double-Bit Axe
16:34 Fletching
22:20 Castle Age
20:32 Gold Mining
21:23 Scale Barding Armor
21:52 Padded Archer Armor
22:42 Stone Mining
22:21 Crossbowman
22:57 Bodkin Arrow
26:26 Husbandry
28:07 Ballistics
28:26 Chain Barding Armor
31:35 Bow Saw
33:47 Wheelbarrow
TAG_MbL_
6:57 Loom
9:12 Feudal Age
9:43 Double-Bit Axe
9:25 Man-at-Arms
17:30 Fletching
18:15 Forging
18:47 Domestication
23:01 Castle Age
21:23 Padded Archer Armor
22:06 Scale Barding Armor
23:03 Elite Skirmisher
23:39 Bodkin Arrow
25:07 Town Watch
25:32 Bow Saw
27:18 Wheelbarrow
Connection lost

Rejoining the realm…

Still unreachable

The connection could not be restored.

Session expired

The server has moved on; the page needs a fresh start.